 Dungeon Crawl Stone Soup version 0.23.0 (webtiles) character file.

Game seed: 11149810895569293039

63 Kairos the Shield-Bearer (level 4, -3/24 HPs)
             Began as a Vine Stalker Fighter on Feb 15, 2019.
             Slain by a worm (5 damage)
             ... on level 2 of the Dungeon.
             The game lasted 00:01:24 (572 turns).

Kairos the Shield-Bearer (Vine Stalker Fighter)      Turns: 572, Time: 00:01:25

Health: -3/24      AC:  6    Str: 19    XL:     4   Next: 9%
Magic:  0/5        EV:  7    Int:  8    God:
Gold:   58         SH:  9    Dex: 14    Spells: 3/3 levels left

rFire    . . .     SeeInvis .   a - +0 war axe
rCold    . . .     Gourm    .   c - +0 shield
rNeg     . . .     Faith    .   b - +0 scale mail
rPois    .         Spirit   +   (no helmet)
rElec    .         Reflect  .   (no cloak)
rCorr    +         Harm     .   (no gloves)
MR       .....                  (no boots)
Stlth    ..........             (no amulet)
HPRegen  0.48/turn              k - ring of resist corrosion
MPRegen  0.09/turn              (no ring)

@: very slightly contaminated, invisible
A: fangs 2, regeneration 1, magic shield, antimagic bite, no potion heal 3, rot
immunity
a: no special abilities


You were on level 2 of the Dungeon.
You were not hungry.

You visited 1 branch of the dungeon, and saw 2 of its levels.

You collected 58 gold pieces.

Inventory:

Hand Weapons
 a - a +0 war axe (weapon)
Armour
 b - a +0 scale mail (worn)
 c - a +0 shield (worn)
Jewellery
 k - a ring of resist corrosion (left hand)
Scrolls
 e - a scroll of fear
 g - a scroll of teleportation {unknown}
 i - a scroll of amnesia {unknown}
 j - a scroll of enchant armour {unknown}
Potions
 d - a potion of might
 l - a potion of invisibility
Comestibles
 f - 3 rations


   Skills:
 + Level 3.0 Fighting
 + Level 2.8 Axes
 + Level 2.7 Armour
 + Level 0.1 Dodging
 + Level 0.2 Stealth
 + Level 3.2 Shields


You had 3 spell levels left.
You didn't know any spells.
Your spell library was empty.

Dungeon Overview and Level Annotations

Branches:
Dungeon (2/15)

Altars:


Innate Abilities, Weirdness & Mutations

You have extremely sharp teeth.
Your natural rate of healing is unusually fast.
When hurt, damage is shared between your health and your magic reserves.
Your bite disrupts and absorbs the magic of your enemies.
Potions cannot restore your health.
You are immune to rotting.


Message History

Terence hits you with a +0 short sword. x2
You catch the helpless Terence completely off-guard!
You hit Terence but do no damage. You bite Terence, but do no damage.
Terence is severely wounded.
Terence hits you but does no damage.
You hit Terence.
You kill Terence!
Your Fighting skill increases to level 3!
You have reached level 4!
You feel agile.
You begin to heal more quickly.
You hit the worm but do no damage. You bite the worm. You drain its power.
You feel invigorated.
The worm is lightly wounded.
The worm bites you!
* * * LOW HITPOINT WARNING * * *
You slash the worm!
The worm is heavily wounded.
The worm bites you.
You die...

.. ... ### ##.###.# #+##
..# .^.##.##...## #.#
###.(##.#.....## #.#
##.#..##........#
#.########.....##.........
.<........................
...#######....#.#w........
#..# #....###@#.......#
.†.# #.###.#.###.....##
.#.# #. ##.## #...## ...#
#. ### ?..# .### #. ....#
.# #. ....# . #. ....# . .


You could see a worm.

Vanquished Creatures
  Terence (D:2)
  An adder (D:2)
  A worm (D:2)
  A leopard gecko (D:1)
  3 bats
  3 giant cockroaches (D:1)
  4 goblins (D:1)
  2 hobgoblins (D:1)
  2 frilled lizards (D:1)
  2 kobolds (D:1)
  6 rats
26 creatures vanquished.

Notes
Turn   | Place    | Note
-------+----------+-------------------------------------------
     0 | D:1      | Kairos the Vine Stalker Fighter began the quest for the
                  | Orb.
     0 | D:1      | Reached XP level 1. HP: 11/11 MP: 2/2
    43 | D:1      | Reached XP level 2. HP: 16/16 MP: 1/3
   458 | D:2      | Reached XP level 3. HP: 18/19 MP: 4/4
   548 | D:2      | Noticed Terence
   570 | D:2      | Killed Terence
   570 | D:2      | Gained mutation: Your natural rate of healing is unusually
                  | fast. [Vine Stalker growth]
   570 | D:2      | Reached XP level 4. HP: 3/24 MP: 0/5
   571 | D:2      | HP: 1/24 [worm (3)]
   572 | D:2      | Slain by a worm

Skill      XL: |  1  2  3 |
---------------+----------+-----
Axes           | 2 |  2.8
Shields        | 3 |  3.2
Fighting       | 3 |  3.0
Armour         | |  2.7
Dodging        | |  0.1
Stealth        | |  0.2

Action                   |  1- 3 |  4- 6 || total
-------------------------+-------+-------++-------
Melee: War axe           |    78 |     2 ||    80
       Bite              |    29 |     1 ||    30
  Use: Scroll            |     2 |       ||     2
       Potion            |     1 |       ||     1
 Stab: Invisible         |     1 |       ||     1
Armor: Scale mail        |    46 |       ||    46
Dodge: Dodged            |    26 |       ||    26
Block: Shield            |    37 |       ||    37
